 Dungeon Crawl Stone Soup version 0.21.1-1-g345015fe64 (webtiles) character file.

457 kaq the Sneak (level 6, 0/32 HPs)
             Began as a Spriggan Assassin on Apr 18, 2018.
             Slain by an orc
             ... wielding a +0 club
              (4 damage)
             ... on level 5 of the Dungeon.
             The game lasted 00:12:08 (4562 turns).

kaq the Sneak (Spriggan Assassin)                   Turns: 4562, Time: 00:12:09

Health: 0/32       AC:  9    Str:  7 (9)  XL:     6   Next: 77%
Magic:  7/7        EV: 20    Int: 12 (13) God:
Gold:   103        SH:  0    Dex: 16 (17) Spells: 5/5 levels left

rFire    . . .     SeeInvis +   s - +2 dagger (venom)
rCold    . . .     Gourm    .   (shield restricted)
rNeg     . . .     Faith    .   c - +0 robe
rPois    .         Spirit   .   (helmet restricted)
rElec    .         Reflect  .   d - +0 cloak
rCorr    .         Harm     .   (gloves unavailable)
MR       +....                  (boots unavailable)
Stlth    ++++......             (no amulet)
HPRegen  0.10/turn              i - +6 ring of protection
MPRegen  0.10/turn              (no ring)

@: lethally poisoned (0 -> -3), flying, very quick
A: very small, unfitting armour, see invisible, herbivore, speed 3, slow
metabolism 2
a: no special abilities


You were on level 5 of the Dungeon.
You were not hungry.

You visited 1 branch of the dungeon, and saw 5 of its levels.

You collected 103 gold pieces.

Inventory:

Hand Weapons
 b - a +0 blowgun
 s - a +2 dagger of venom (weapon)
Missiles
 e - 23 poisoned needles
 f - 2 curare-tipped needles
Armour
 c - a +0 robe (worn)
 d - a +0 cloak (worn)
Jewellery
 i - a +6 ring of protection (left hand)
 o - an uncursed ring of flight
Scrolls
 a - a scroll of remove curse
 n - a scroll of identify
 p - a scroll of teleportation
Potions
 h - 3 potions of might
 l - a potion of mutation {unknown}
 m - a potion of berserk rage {unknown}
 r - a potion of lignification {unknown}
 u - 4 potions of heal wounds {unknown}
 v - a potion of curing {unknown}
 x - a potion of brilliance {unknown}
Comestibles
 g - 4 rations


   Skills:
 + Level 3.0 Fighting
 * Level 5.4 Short Blades
 - Level 2.0 Throwing
 + Level 4.6 Dodging
 + Level 7.6 Stealth


You had 5 spell levels left.
You didn't know any spells.

Dungeon Overview and Level Annotations

Branches:
Dungeon (5/15)
 Temple: D:4-7

Altars:
Elyvilon
Fedhas
Makhleb
Nemelex Xobeh


Innate Abilities, Weirdness & Mutations

You are very small and have problems with some larger weapons.
You are too small for most types of armour.
You have supernaturally acute eyesight. (SInv)
You are a herbivore.
You cover ground extremely quickly.
You need consume almost no food.


Message History

You hit the orc but do no damage.
The orc is poisoned.
It was a potion of flight.
You feel very buoyant.
You fly up into the air.
You feel sick.
You kill the orc!
The orc closely misses you.
The orc priest hits you but does no damage.
You barely miss the orc. The orc hits you with a club.
* * * LOW HITPOINT WARNING * * *
The orc priest completely misses you.
You hit the orc but do no damage.
The orc looks even sicker.
The orc misses you.
You hit the orc but do no damage.
The orc looks as sick as possible!
* * * LOW HITPOINT WARNING * * *
You feel sick. The orc priest barely misses you.
It was a potion of degeneration.
There was something very wrong with that liquid.
You feel weakened.
You feel dopey.
You feel clumsy. The orc hits you with a club.
You die...

#... .# #..# #$#
#..######### #...
#.o##......##....
#o.##...........#
#o.##..........#
#o####........##
##.# ##.......#
#..# #@o)[..## #..#
##o....#
#..#####.....##
####....##.o##..#
###.>.....#).######
##...........##
##...........(#
##.............#
#...............#


You could see an orc priest and an orc.

Vanquished Creatures
  A scorpion (D:4)
  A hound (D:4)
  2 orc wizards
  A bullfrog skeleton (D:3)
  Crazy Yiuf (D:3)
  Terence (D:3)
  2 iguanas (D:4)
  2 worker ants (D:4)
  Robin (D:2)
  3 adders
  A howler monkey skeleton (D:4)
  3 oozes
  A worm (D:2)
  3 leopard geckos (D:4)
  6 orcs
  4 giant cockroaches
  9 goblins
  12 hobgoblins
  4 jackals (D:2)
  4 quokkas
  A ball python (D:4)
  6 bats
  2 frilled lizards
  6 kobolds
  15 rats
92 creatures vanquished.

Notes
Turn   | Place    | Note
-------+----------+-------------------------------------------
     0 | D:1      | kaq the Spriggan Assassin began the quest for the Orb.
     0 | D:1      | Reached XP level 1. HP: 10/10 MP: 2/2
    42 | D:1      | Reached skill level 6 in Stealth
    58 | D:1      | Reached XP level 2. HP: 12/15 MP: 3/3
   415 | D:1      | Reached XP level 3. HP: 8/18 MP: 4/4
   963 | D:2      | Found a white marble altar of Elyvilon.
  1400 | D:2      | Found a sparkling altar of Nemelex Xobeh.
  1449 | D:2      | Noticed Robin
  1555 | D:2      | Killed Robin
  1555 | D:2      | Reached XP level 4. HP: 15/23 MP: 5/5
  2179 | D:3      | Found a runed door.
  2183 | D:3      | Noticed Crazy Yiuf
  2187 | D:3      | Killed Crazy Yiuf
  2329 | D:3      | Reached XP level 5. HP: 8/27 MP: 6/6
  2654 | D:3      | Noticed Terence
  2659 | D:3      | Killed Terence
  2800 | D:3      | Found a blossoming altar of Fedhas.
  2994 | D:3      | Found a burning altar of Makhleb.
  3137 | D:4      | Reached skill level 7 in Stealth
  3618 | D:4      | Reached XP level 6. HP: 26/32 MP: 7/7
  3711 | D:4      | Reached skill level 5 in Short Blades
  4451 | D:5      | Entered Level 5 of the Dungeon
  4562 | D:5      | Slain by an orc

Skill      XL: |  1  2  3  4  5  6 |
---------------+-------------------+-----
Stealth        | 6 7 |  7.6
Dodging        | 2 3 4 |  4.6
Short Blades   | 3 4 5 |  5.4
Fighting       | 2 3 |  3.0
Throwing       | |  2.0

Action                   |  1- 3 |  4- 6 || total
-------------------------+-------+-------++-------
Melee: Dagger            |   158 |   162 ||   320
 Fire: Blowgun           |    12 |       ||    12
  Use: Scroll            |       |     8 ||     8
       Potion            |       |     2 ||     2
 Stab: Sleeping          |    15 |     8 ||    23
  Eat: Ration            |       |     1 ||     1
Armor: Robe              |    17 |     8 ||    25
Dodge: Dodged            |    99 |    87 ||   186
